Map: Central Protocol

Players

sleep - Winner!

  • Race: Protoss Protoss
  • League: Platinum

Burt

  • Race: Terran Terran
  • League: Platinum

VOD

Have the link to the VOD?

Description

Time

  • Played on: Dec. 28, 2015, 6:47 p.m.
  • Length: 15:41
Show
View Real Time Build Order
Export as new Build Order

sleep Protoss - Winner!

Build Orders: 1 Gate Expand 

Get SALT Encoding   

  12  0:01  Probe (Chrono Boost)  
  13  0:11  Probe (Chrono Boost)  
  14  0:18  Pylon  
  14  0:22  Probe (Chrono Boost)  
  15  0:36  Gateway  
  15  0:39  Assimilator  
  15  0:43  Probe (Chrono Boost)  
  16  0:54  Probe (Chrono Boost)  
  17  1:05  Probe (Chrono Boost)  
  18  1:15  Probe (Chrono Boost)  
  19  1:26  Nexus  
  19  1:29  Probe (Chrono Boost)  
  20  1:41  Cybernetics Core  
  20  1:44  Probe (Chrono Boost)  
  21  1:52  Assimilator  
  21  1:55  Probe (Chrono Boost)  
  22  2:06  Pylon  
  23  2:08  Probe (Chrono Boost)  
  23  2:20  Warp Gate  
  23  2:23  Stalker (Chrono Boost)  
  23  2:27  Probe (Chrono Boost)  
  26  2:39  Probe  
  26  2:41  Probe  
  28  2:45  Pylon  
  28  2:51  Probe  
  28  2:52  Probe  
  30  3:02  Robotics Facility  
  30  3:03  Probe  
  30  3:04  Probe  
  31  3:11  Stalker (Chrono Boost)  
  34  3:15  Mothership Core, Probe  
  37  3:27  Probe  
  37  3:28  Gateway  
  38  3:35  Probe  
  38  3:39  Probe  
  40  3:45  Probe  
  41  3:49  Observer  
  41  3:52  Probe  
  43  3:56  Stalker (Chrono Boost), Probe  
  46  4:04  Probe, Pylon  
  46  4:06  Probe  
  48  4:12  Observer  
  48  4:15  Pylon  
  48  4:16  Probe  
  50  4:22  Probe  
  51  4:28  Gateway  
  51  4:30  Gateway  
  51  4:31  Gateway  
  51  4:33  Twilight Council  
  51  4:35  Probe, Pylon  
  51  4:36  Probe  
  53  4:44  Sentry  
  55  4:46  Adept  
  55  4:47  Probe  
  55  4:48  Probe  
  59  4:53  Assimilator  
  59  4:55  Immortal  
  59  4:56  Assimilator  
  59  4:59  Probe  
  63  5:00  Probe  
  65  5:10  Stalker x2  
  69  5:14  Blink (Chrono Boost)  
  69  5:15  Probe  
  69  5:17  Probe  
  71  5:24  Forge  
  71  5:27  Probe x2, Pylon  
  73  5:39  Probe, Gateway  
  73  5:40  Gateway  
  73  5:42  Pylon  
  74  5:49  Warp Prism (Chrono Boost)  
  76  5:52  Probe  
  77  5:57  Protoss Ground Armor Level 1 (Chrono Boost)  
  77  6:01  Photon Cannon  
  77  6:04  Photon Cannon  
  76  6:19  Templar Archives  
  76  6:29  Stalker  
  76  6:30  Stalker x4  
  86  6:42  Adept  
  86  6:43  Adept  
  79  7:08  Zealot x3  
  73  7:18  Immortal  
  69  7:36  Zealot x4  
  67  7:37  Probe  
  67  7:38  Probe  
  67  7:42  Pylon  
  67  7:45  Pylon  
  64  7:54  Probe  
  64  7:55  Probe  
  63  8:01  Immortal  
  63  8:04  Probe  
  67  8:07  Probe, Pylon  
  67  8:09  Stalker x4  
  67  8:10  Pylon  
  67  8:12  Charge  
  77  8:15  Protoss Ground Armor Level 2 (Chrono Boost)  
  77  8:16  Pylon  
  77  8:19  Gateway  
  70  8:27  Mothership Core  
  71  8:36  Pylon  
  67  8:48  Probe  
  59  8:49  Probe  
  54  8:57  Observer  
  54  8:58  Probe  
  54  9:01  Probe  
  55  9:09  Probe  
  55  9:10  Gateway  
  55  9:11  Gateway  
  55  9:13  Gateway, Probe  
  55  9:14  High Templar  
  55  9:15  High Templar  
  61  9:18  Observer  
  61  9:20  Probe, Zealot  
  61  9:21  Zealot x2  
  61  9:22  Sentry  
  71  9:26  Probe  
  72  9:35  Probe  
  72  9:38  Probe  
  74  9:45  Pylon  
  74  9:46  Probe, Pylon  
  77  10:01  Adept x2  
  77  10:02  Adept x2  
  83  10:10  Probe  
  83  10:11  Probe  
  85  10:15  Adept  
  85  10:16  Adept  
  85  10:20  Probe  
  90  10:29  Zealot x2  
  90  10:30  Zealot x2  
  90  10:33  Resonating Glaives  
  98  10:36  Pylon  
  97  10:55  Sentry  
  97  10:56  Zealot x5  
  99  11:23  Archon  
  99  11:24  Zealot x7  
  100  11:42  Nexus  
  100  11:45  Pylon  
  100  12:15  Probe  
  100  12:16  Probe  
  100  12:20  High Templar x3  
  100  12:21  High Templar  
  110  12:26  Probe  
  103  12:48  Adept x5  
  111  12:54  Pylon  
  111  12:59  Assimilator  
  111  13:04  Colossus, Assimilator  
  111  13:10  Warp Prism  
  113  13:34  Stalker x3  
  119  14:21  Zealot x6  
  119  14:23  Zealot x3  
  125  14:35  Warp Prism (Chrono Boost)  
  125  14:37  Probe  
  120  15:01  Nexus  
  120  15:02  Pylon  
  120  15:09  Observer (Chrono Boost)  
  113  15:23  Archon x2  
  81  15:38  Stalker  
  81  15:39  Stalker x8  
Show
View Real Time Build Order
Export as new Build Order

Burt Terran 

Build Orders:  

Get SALT Encoding   

  12  0:01  SCV  
  13  0:13  SCV  
  14  0:19  Supply Depot  
  14  0:25  SCV  
  15  0:40  SCV  
  15  0:42  Barracks  
  16  0:46  Refinery  
  16  0:52  SCV  
  17  1:04  SCV, Refinery  
  18  1:13  Supply Depot  
  18  1:16  SCV  
  19  1:28  SCV  
  19  1:30  Marine  
  21  1:41  Orbital Command  
  21  1:48  Marine  
  22  1:56  Factory  
  22  2:11  SCV  
  23  2:23  Barracks Reactor, SCV  
  23  2:24  Supply Depot  
  24  2:35  SCV  
  25  2:39  Factory Tech Lab  
  25  2:42  Starport  
  25  2:47  SCV  
  25  2:50  Engineering Bay  
  25  2:59  SCV  
  25  3:00  Marine x2  
  25  3:01  Siege Tank  
  31  3:11  SCV  
  32  3:17  Terran Infantry Weapons Level 1  
  32  3:18  Marine x2  
  34  3:21  Medivac  
  34  3:23  SCV  
  37  3:35  SCV  
  37  3:38  Barracks  
  37  3:39  Marine  
  39  3:47  Supply Depot  
  39  3:49  Factory Tech Lab  
  39  4:04  Starport Tech Lab  
  39  4:05  Missile Turret  
  39  4:08  Marine  
  39  4:09  SCV  
  41  4:10  Supply Depot  
  44  4:23  Raven  
  43  4:27  Stimpack  
  43  4:28  Marine x3  
  46  4:32  SCV  
  46  4:33  Supply Depot  
  47  4:39  Hellion  
  47  4:44  SCV  
  50  4:51  Ghost Academy  
  50  4:53  Marine  
  50  4:55  Supply Depot  
  50  4:56  SCV  
  50  4:58  Marauder  
  54  5:05  Siege Tank  
  57  5:14  SCV  
  57  5:16  Marine x2  
  60  5:22  Ghost  
  60  5:26  SCV  
  63  5:33  Marine  
  63  5:34  Marine  
  65  5:41  SCV  
  66  5:51  Marine x2  
  66  5:52  Supply Depot  
  66  5:53  SCV, Marine  
  70  6:08  SCV  
  71  6:13  Marine x3  
  71  6:14  Medivac  
  71  6:17  Supply Depot  
  74  6:44  Missile Turret  
  59  7:10  Marine x3  
  59  7:11  Siege Tank  
  59  7:12  Banshee  
  62  7:28  Marine  
  59  7:35  Marine x2  
  59  7:36  SCV  
  62  7:43  Siege Tank  
  62  7:44  Command Center  
  65  7:46  Marine  
  65  7:48  SCV  
  66  7:53  Marine  
  67  8:01  SCV  
  68  8:07  Marine x2  
  68  8:11  Marine  
  71  8:26  Marine x2  
  72  8:27  Siege Tank  
  72  8:28  SCV, Marine  
  74  8:40  SCV  
  75  8:44  Marine x2  
  75  8:46  Marine  
  74  8:52  SCV  
  67  9:02  Marine  
  63  9:04  SCV  
  64  9:15  Ghost  
  64  9:16  Banshee  
  69  9:37  Marine  
  70  9:40  Orbital Command  
  70  9:52  Planetary Fortress  
  70  9:59  Marine x2  
  72  10:05  Raven  
  74  10:16  SCV  
  75  10:26  Marine x2  
  75  10:27  Marine  
  78  10:29  SCV  
  77  10:49  Refinery  
  76  10:50  Refinery  
  76  10:51  Missile Turret  
  76  10:53  Marine x2  
  76  10:55  Supply Depot  
  78  10:58  Marine  
  79  11:06  SCV  
  79  11:07  SCV  
  70  11:19  SCV  
  39  11:33  Marine  
  39  11:34  Marine x2  
  39  11:37  Banshee  
  45  11:43  SCV  
  46  11:47  Command Center  
  46  11:49  Hellion  
  48  11:56  Refinery  
  42  12:12  Marine x3  
  45  12:20  Siege Tank, Medivac  
  45  12:21  SCV x2  
  52  12:29  Bunker  
  52  12:31  Marine  
  52  12:33  SCV  
  52  12:34  SCV  
  53  12:46  SCV  
  53  12:48  Ghost  
  53  12:49  Marine x2  
  53  12:50  SCV  
  59  12:58  SCV  
  60  13:04  Combat Shields  
  60  13:07  Terran Infantry Armor Level 1  
  60  13:08  Marine  
  60  13:09  Marine  
  60  13:12  Hellion  
  64  13:27  SCV  
  64  13:29  Planetary Fortress  
  64  13:31  SCV  
  66  13:40  SCV  
  65  13:42  Marine  
  65  13:43  SCV, Marine x2  
  65  13:47  Siege Tank  
  72  13:51  Refinery  
  72  13:52  SCV  
  72  13:54  Missile Turret  
  74  13:55  SCV  
  74  13:58  Medivac  
  74  14:00  Marine x2  
  74  14:01  Marine  
  79  14:04  SCV, Missile Turret  
  79  14:07  SCV x2  
  79  14:19  SCV x2  
  70  14:25  Barracks  
  70  14:26  Barracks x2  
  70  14:30  Ghost  
  71  14:42  SCV x2  
  73  14:50  Marine x2  
  75  14:54  SCV x2  
Tags
 
Add a new tag
Caveats
  • Supply blocks, unpowered buildings, or Contaminate may cause inaccurate times.
  • Supply counts are checked every 10 seconds.